AoeStats
← OM | Kerry Copyto

Nomad

510039396Analyzed
4v4 RM · 3d ago on Sep 29, 2026· 45m 2s· 8 players
Game mode
Random Map
Map size
231×231
Population
200
Speed
Normal
Resources
Standard
Victory
Conquest
Starting age
Dark Age
Ending age
Imperial Age
RankedLock teamsTeams togetherTeam positionsShared explorationLock speedFull tech treeHidden civsTurbo modeCheats
Victory
Defeat
🇭🇰 Vietnamese · Hong Kong SAR China
1518
+12
🇺🇸 Varangians · United States
1493
+13
🇺🇸 Mongols · United States
1468
+14
🇨🇦 Saxons · Canada
1457
+16
🇲🇽 Celts · Mexico
1464
-15
🇲🇽 Spanish · Mexico
1459
-15
🇲🇽 Dravidians · Mexico
1407
-13
🇲🇽 Vietnamese · Mexico
1390
-12
Eat_Rice
5:01 Loom
13:44 Feudal Age
15:25 Double-Bit Axe
18:15 Castle Age
16:36 Gold Mining
19:19 Bow Saw
20:27 Fletching
22:59 Bodkin Arrow
25:22 Ballistics
27:30 Gold Shaft Mining
30:49 Husbandry
31:00 Bloodlines
37:12 Imperial Age
36:54 Wheelbarrow
37:10 Stone Mining
38:16 Bracer
39:04 Horse Collar
40:05 Conscription
41:13 Drill
41:19 Padded Archer Armor
40:57 Capped Ram
41:44 Onager
小三輪司機
13:09 Feudal Age
14:43 Loom
18:39 Castle Age
17:06 Double-Bit Axe
18:36 Gold Mining
19:11 Fishing Lines
19:44 Medium Warships
19:48 Bow Saw
24:52 Wheelbarrow
26:35 Gold Shaft Mining
27:01 Fishing Lines
28:30 Fletching
28:49 Scale Mail Armor
28:50 Horse Collar
30:03 Bodkin Arrow
30:58 Chain Mail Armor
32:00 Squires
31:56 Gillnets
36:38 Imperial Age
33:57 Town Watch
35:05 Forging
35:25 Hand Cart
35:37 Ballistics
36:41 Capped Ram
36:44 Elite Varangian Guard
38:32 Conscription
38:58 Plate Mail Armor
38:37 Shield Wall
40:41 Bracer
41:17 Iron Casting
Darth Yoda
4:39 Loom
14:30 Feudal Age
15:40 Double-Bit Axe
16:01 Horse Collar
17:40 Bloodlines
23:37 Castle Age
21:52 Stone Mining
21:54 Gold Mining
24:41 Bow Saw
25:09 Wheelbarrow
25:07 Scale Barding Armor
25:15 Forging
27:03 Fletching
30:56 Husbandry
31:48 Chain Barding Armor
33:49 Heavy Plow
35:15 Hand Cart
37:26 Iron Casting
39:26 Stone Shaft Mining
41:39 Imperial Age
42:45 Capped Ram
43:19 Elite Jarl
45:20 Plate Barding Armor
45:50 Blast Furnace
你朋友
4:45 Loom
13:50 Feudal Age
13:55 Feudal Age
14:11 Feudal Age
15:17 Double-Bit Axe
17:53 Castle Age
16:56 Fishing Lines
18:05 Fletching
19:12 Bow Saw
19:43 Town Watch
20:12 Gillnets
20:44 Ballistics
20:22 Bodkin Arrow
20:29 Padded Archer Armor
20:53 Gold Mining
21:10 Horse Collar
24:34 Wheelbarrow
26:27 Leather Archer Armor
33:33 Imperial Age
32:45 Hand Cart
33:30 Town Patrol
33:32 Heavy Plow
34:22 Bracer
35:45 Chemistry
35:27 Thumb Ring
36:35 Ring Archer Armor
37:36 Paper Money
38:46 Stone Mining
39:52 Elite Rattan Archer
42:11 Siege Engineers
42:19 Treadmill Crane
42:49 Masonry
OM | Kerry Copyto
3:24 Loom
14:30 Feudal Age
16:29 Double-Bit Axe
16:51 Town Watch
17:31 Padded Archer Armor
17:22 Fletching
17:36 Padded Archer Armor
23:19 Castle Age
24:09 Bodkin Arrow
23:35 Crossbowman
25:31 Leather Archer Armor
27:24 Ballistics
30:15 Bow Saw
38:22 Wheelbarrow
39:23 Horse Collar
44:04 Imperial Age
41:46 Thumb Ring
OM | SISKO PRO
4:31 Loom
14:19 Feudal Age
15:39 Double-Bit Axe
15:48 Gold Mining
18:34 Castle Age
16:45 Stone Mining
18:20 Horse Collar
20:00 Bow Saw
28:02 Wheelbarrow
27:14 Town Watch
32:46 Imperial Age
30:35 Fletching
30:45 Padded Archer Armor
31:16 Bodkin Arrow
31:41 Hand Cart
31:36 Heavy Plow
31:03 Elite Skirmisher
32:48 Leather Archer Armor
32:56 Ballistics
33:14 Masonry
33:51 Stone Shaft Mining
33:43 Thumb Ring
33:11 Imperial Skirmisher
34:53 Bracer
35:23 Ring Archer Armor
36:02 Architecture
36:36 Chemistry
36:07 Architecture
37:12 Conscription
37:12 Elite Conquistador
OM | Romeo D. Sins
3:05 Loom
13:08 Feudal Age
13:49 Double-Bit Axe
14:32 Horse Collar
17:20 Wheelbarrow
16:46 Man-at-Arms
17:38 Gold Mining
20:41 Castle Age
20:27 Scale Mail Armor
20:37 Forging
20:15 Arson
21:25 Long Swordsman
22:21 Chain Mail Armor
25:18 Iron Casting
25:13 Gambesons
25:44 Pikeman
31:37 Fletching
32:18 Bodkin Arrow
36:34 Bow Saw
OM | Massiosare
3:25 Loom
13:12 Feudal Age
14:18 Town Watch
22:31 Castle Age
21:54 Fletching
22:05 Padded Archer Armor
28:03 Padded Archer Armor
35:20 Ballistics
Connection lost

Rejoining the realm…

Still unreachable

The connection could not be restored.

Session expired

The server has moved on; the page needs a fresh start.